 Dungeon Crawl Stone Soup version 0.31-a0-1127-ge7b2bbabab (webtiles) character file.

Game seed: 6711333087024363044

1414 Malachi the Trooper (level 8, -7/40 (58) HPs)
             Began as a Demonspawn Gladiator on Dec 5, 2023.
             Was a Follower of Ashenzari.
             Killed by divine providence
             ... invoked by Jeremiah
              (11 damage)
             ... on level 6 of the Dungeon.
             The game lasted 00:09:09 (6405 turns).

Malachi the Trooper (Demonspawn Gladiator)          Turns: 6405, Time: 00:09:09

HP:   -7/40 (58)    AC:  7    Str: 14    XL:     8   Next: 43%
MP:   0/8           EV: 10    Int: 10    God:    Ashenzari [*.....]
Gold: 182           SH: 10    Dex: 16    Spells: 7/7 levels left

rFire   . . .        t - +1 scimitar of Ashenzari's Fetters {protect, Comp, Alch} (curse)
rCold   . . .        q - +0 kite shield of the Lashed Boredom {Bglg, Fort} (curse)
rNeg    . . .        x - +3 leather armour
rPois   .            (helmet restricted)
rElec   .            (no cloak)
rCorr   .            (no gloves)
SInv    +            (no boots)
Will    +....        o - amulet of guardian spirit
Stlth   +            f - ring of willpower
HPRegen 0.26/turn    i - ring of see invisible
MPRegen 0.11/turn

%: guardian spirit
@: very heavily drained
A: horns 2, spiny 2, sharp scales 1, frail 1, inability to drink after injury 1
a: Renounce Religion, Shatter the Chains


You were on level 6 of the Dungeon.
You worshipped Ashenzari.
Ashenzari was aware of your devotion.
You visited 1 branch of the dungeon, and saw 6 of its levels.

You collected 182 gold pieces.

Inventory:

Hand Weapons
 h - a +2 whip of venom
 j - a +4 dagger
 t - the cursed +1 scimitar of Ashenzari's Fetters (weapon) {protect, Comp, Alch}
   (You took it off Blork the orc on level 4 of the Dungeon)

   It has a curse which improves the following skills: Companions: Summonings
   and Necromancy.
   Alchemy:   Poison Magic and Transmutations.
Missiles
 d - 3 throwing nets (quivered)
 e - 6 javelins
 s - 10 poisoned darts
Armour
 q - the cursed +0 kite shield of the Lashed Boredom (worn) {Bglg, Fort}
   (You found it on level 2 of the Dungeon)

   It has a curse which improves the following skills: Beguiling: Conjurations,
   Hexes and Translocations.
   Fortitude: Armour and Shields.
 x - a +3 leather armour (worn)
Jewellery
 f - a ring of willpower (left hand)
 i - a ring of see invisible (right hand)
 o - an amulet of guardian spirit (around neck)
Scrolls
 a - a scroll of blinking
 c - a scroll of identify
 n - a scroll of revelation
 p - a scroll of fog
 v - 2 scrolls of teleportation
Potions
 b - 2 potions of curing
 g - a potion of magic
 k - a potion of brilliance
 l - a potion of attraction
 m - 2 potions of might
 u - 2 potions of heal wounds


   Skills:
 + Level 6.5 Fighting
 + Level 6.2 Long Blades
 - Level 1.7 Throwing
 - Level 2.6 Dodging
 + Level 4.9(5.7) Shields


You had 7 spell levels left.
You didn't know any spells.
Your spell library contained the following spells:

 Spells                   Type           Power      Damage    Failure   Level
 Sandblast                Erth           0%         2d4       80%         1
 Passwall                 Tmut/Erth      0%         N/A       91%         2
 Gell's Gravitas          Tloc           0%         N/A       99%         3
 Hailstorm                Conj/Ice       0%         3d5       99%         3
 Stone Arrow              Conj/Erth      0%         3d7       99%         3
 Teleport Other           Tloc           0%         N/A       99%         3
 Brom's Barrelling Bould  Conj/Erth      0%         2d3       100%        4
 Summon Ice Beast         Ice/Summ       0%         N/A       100%        4
 Summon Lightning Spire   Summ/Air       0%         N/A       100%        4
 Simulacrum               Ice/Necr       0%         N/A       100%        6


Dungeon Overview and Level Annotations

Branches:
Dungeon (6/15)             Temple (0/1) D:5

Altars:
Ashenzari
Kikubaaqudgha

Shops:
D:5 *

Annotations:
D:6 Jeremiah


Innate Abilities, Weirdness & Mutations

You have a pair of horns on your head.
You are mostly covered in sharp spines.
You are partially covered in razor-sharp scales. (AC +1, Slay +1)
You are frail. (-10% HP)
You occasionally lose the ability to drink potions when taking damage.


Message History

Jeremiah hits you but does no damage.
You feel drained.
You closely miss the butterfly. Your headbutt misses the butterfly.
Jeremiah hits you from afar with a +3 trident of draining.
You feel drained.
You miss the butterfly. You headbutt the butterfly.
You kill the butterfly!
The butterfly disappears in a burst of colours!
You block Jeremiah's attack.
You slash the butterfly!
You kill the butterfly!
The butterfly disappears in a burst of colours!
You block Jeremiah's attack.
Jeremiah hits you from afar with a +3 trident of draining!
You feel drained.
You miss the butterfly. You headbutt the butterfly.
You kill the butterfly!
The butterfly disappears in a burst of colours!
Jeremiah barely misses you.
You slash the butterfly!
You kill the butterfly!
The butterfly disappears in a burst of colours!
You block Jeremiah's attack.
You closely miss the butterfly.
Jeremiah hops!
You slash the butterfly!
You kill the butterfly!
The butterfly disappears in a burst of colours!
Jeremiah throws their arms up pleadingly.
Something smites you!
* * * LOW HITPOINT WARNING * * *
Jeremiah hops!
The butterfly disappears in a burst of colours!
You miss the butterfly.
The butterfly disappears in a burst of colours!
Jeremiah lets out a twisted cry.
Something smites you!
* * * LOW HITPOINT WARNING * * *
Jeremiah throws their arms up pleadingly.
Something smites you!
You die...
Jeremiah asks, "Is it over?
Can I wake up now?"

#.# .. ..
#.# .# .#
#.# #.# #.#
#.# #.# #.#
#@# #b# #.#
#b#
#b#########


#bF.bbb°bb# ########### You could see Jeremiah.

Vanquished Creatures
  The ghost of feta the Digger, an amateur GrEE (D:4)
  Sigmund (D:2)
  Menkaure (D:4)
  An ice beast (D:5)
  A black bear (D:4)
  An ogre (D:4)
  A phantom (D:5)
  Blork the orc (D:4)
  A scorpion (D:5)
  A jelly (D:4)
  2 gnoll boudas (D:4)
  2 hounds
  An orc priest (D:5)
  An iguana (D:5)
  An orc wizard (D:5)
  Robin (D:2)
  8 gnolls
  7 adders
  2 worms
  2 dart slugs
  21 orcs
  3 ball pythons
  5 endoplasms
  2 giant cockroaches (D:1)
  17 goblins
  11 hobgoblins
  4 jackals (D:3)
  3 quokkas
  2 bats
  A frilled lizard (D:1)
  12 kobolds
  A rat (D:3)
119 creatures vanquished.

Notes
Turn   | Place    | Note
-------+----------+-------------------------------------------
     0 | D:1      | Malachi the Demonspawn Gladiator began the quest for the
                  | Orb.
     0 | D:1      | Reached XP level 1. HP: 16/16 MP: 1/1
   419 | D:1      | Gained mutation: You have a pair of small horns on your
                  | head. [demonic ancestry]
   419 | D:1      | Reached XP level 2. HP: 10/23 MP: 2/2
  1255 | D:2      | Noticed Robin
  1270 | D:2      | Reached XP level 3. HP: 21/28 MP: 3/3
  1285 | D:2      | Killed Robin
  1829 | D:2      | Got the Omnibus of the Flock and Movement
  2086 | D:2      | Noticed Sigmund
  2095 | D:2      | HP: 2/43 [Sigmund/puff of flame (11)]
  2096 | D:2      | Killed Sigmund
  2097 | D:2      | Reached skill level 1 in Shields
  2097 | D:2      | Gained mutation: You are partially covered in razor-sharp
                  | scales. (AC +1, Slay +1) [demonic ancestry]
  2097 | D:2      | Reached XP level 4. HP: 4/37 MP: 4/4
  2097 | D:2      | Gained mutation: You are partially covered in sharp spines.
                  | [demonic ancestry]
  2097 | D:2      | Reached XP level 5. HP: 4/42 MP: 5/5
  2683 | D:3      | Gained mutation: You occasionally lose the ability to drink
                  | potions when taking damage. [potion of mutation]
  2683 | D:3      | Gained mutation: You are frail. (-10% HP) [potion of
                  | mutation]
  2688 | D:3      | Reached XP level 6. HP: 43/43 MP: 6/6
  2763 | D:3      | Found a faded altar of an unknown god.
  3156 | D:3      | Found an ancient bone altar of Kikubaaqudgha.
  3466 | D:4      | Noticed Blork the orc
  3473 | D:4      | Killed Blork the orc
  3655 | D:4      | Noticed Menkaure
  3660 | D:4      | Killed Menkaure
  3661 | D:4      | Reached skill level 5 in Fighting
  3661 | D:4      | Reached skill level 5 in Long Blades
  3661 | D:4      | Gained mutation: You are mostly covered in sharp spines.
                  | [demonic ancestry]
  3661 | D:4      | Reached XP level 7. HP: 50/50 MP: 7/7
  4519 | D:4      | Found a runed translucent gate.
  4527 | D:4      | Found a runed translucent gate.
  4527 | D:4      | Found a runed translucent gate.
  4527 | D:4      | Noticed feta's ghost (amateur GrEE)
  4572 | D:4      | Killed feta's ghost
  4985 | D:3      | Prayed at the altar of an unknown god.
  4985 | D:3      | Became a worshipper of Ashenzari the Shackled
  5028 | D:5      | Entered Level 5 of the Dungeon
  5067 | D:4      | Gained mutation: You have a pair of horns on your head.
                  | [demonic ancestry]
  5067 | D:4      | Reached XP level 8. HP: 53/57 MP: 6/8
  5326 | D:5      | Found a staircase to the Ecumenical Temple.
  5503 | D:5      | Found Ijuolla's Lightly-Used Armoury.
  5643 | D:5      | Reached * piety under Ashenzari
  5921 | D:6      | Noticed Jeremiah
  6405 | D:6      | Killed from afar by Jeremiah

Illustrated notes

Levels and vault maps discovered:
D:1:      eino_arrival_water_cross, layout_loops_cross, minmay_misc_feat_five,
          minivault_5, grunt_decor_fettered, minmay_cut_off
D:2:      minmay_kobold_bridge, layout_basic, minmay_tree_intersection,
          chequers_decorated_corner, uniq_robin, uniq_sigmund
D:3:      layout_basic, nicolae_overflow_ecumenical_swirl
D:4:      layout_layer_cave, ebering_ghost_rock_garden, uniq_menkaure,
          uniq_blork_the_orc
D:5:      layout_rooms, minmay_temple_entry_junction, minmay_shop_damaged,
          nicolae_kite_square_tiling_tiny
D:6:      layout_basic, uniq_jeremiah

Skill      XL: |  1  2  3  4  5  6  7  8 |
---------------+-------------------------+-----
Long Blades    | 3 4 5 6 |  6.2
Fighting       | 4 5 6 |  6.5
Shields        | 1 2 3 4 |  4.9
Throwing       | |  1.7
Dodging        | |  2.6

Action                     |  1- 3 |  4- 6 |  7- 9 || total
---------------------------+-------+-------+-------++-------
  Melee: Long sword        |   107 |    61 |       ||   168
         Headbutt          |     7 |    12 |    23 ||    42
         Punch             |     1 |       |       ||     1
         Scimitar          |       |    13 |   206 ||   219
 Invoke: Curse Item        |       |       |     2 ||     2
    Use: Scroll            |     2 |     7 |     2 ||    11
         Potion            |     5 |     2 |       ||     7
   Stab: Sleeping          |     2 |       |       ||     2
 Armour: Leather armour    |    66 |       |    47 ||   113
         Ring mail         |     9 |    44 |    44 ||    97
  Dodge: Dodged            |    70 |    31 |    33 ||   134
  Block: Kite shield       |     3 |    52 |    82 ||   137

Table legend: (Time is in decaauts)
 A = Elapsed time spent in this place.
 B = Non-inter-level travel time spent in this place.
 C = Inter-level travel time spent in this place.
 D = Time resting spent in this place.
 E = Time spent auto-exploring this place.
 F = Levels seen in this place.
 G = Mean time per level.
                   A        B        C        D        E       F      G
               +--------+--------+--------+--------+--------+-----+--------+
         Total |   6533 |   6350 |    183 |   1360 |   3889 |   6 | 1088.8 |
       Dungeon |   6533 |   6350 |    183 |   1360 |   3889 |   6 | 1088.8 |
               +--------+--------+--------+--------+--------+-----+--------+

Top non-repeatable levels by time:
     D:4: 1704 daAuts
     D:2: 1498 daAuts
     D:1: 1205 daAuts
     D:5: 1008 daAuts
     D:3: 854 daAuts
     D:6: 262 daAuts
